 Dungeon Crawl Stone Soup version 0.22-a0-247-gbddf880 (webtiles) character file.

422 Amnesiac the Geomancer (level 6, -10/49 HPs)
             Began as a Deep Dwarf Earth Elementalist on Feb 25, 2018.
             Was a Priest of Lugonu.
             Killed by divine providence
             ... invoked by an orc priest
              (13 damage)
             ... on level 5 of the Dungeon.
             The game lasted 00:05:08 (1309 turns).

Amnesiac the Geomancer (DDEE)                       Turns: 1309, Time: 00:05:09

Health: -10/49     AC:  2    Str: 11    XL:     6   Next: 63%
Magic:  11/11      EV: 12    Int: 18    God:    Lugonu [***...]
Gold:   95         SH:  0    Dex: 13    Spells: 9/12 levels left

rFire    . . .     SeeInvis .   e - +0 short sword
rCold    . . .     Gourm    .   (no shield)
rNeg     . . .     Faith    .   c - +0 robe
rPois    .         Spirit   .   (helmet restricted)
rElec    .         Reflect  .   (no cloak)
rCorr    .         Harm     .   (no gloves)
MR       .....                  (no boots)
Stlth    ++........             (no amulet)
HPRegen  0.00/turn              (no ring)
MPRegen  0.12/turn              (no ring)

@: non-regenerating
A: damage resistance, heal wounds, horns 2, sense surroundings 1, screaming 1,
MP-powered wands, no regeneration
a: Heal Wounds, Depart the Abyss, Bend Space, Banish, Renounce Religion


You were on level 5 of the Dungeon.
You worshipped Lugonu.
Lugonu was most pleased with you.
You were not hungry.

You visited 1 branch of the dungeon, and saw 5 of its levels.

You collected 95 gold pieces.

Inventory:

Hand Weapons
 e - a +0 short sword (weapon)
 h - a +2 antimagic quarterstaff
Missiles
 b - 6 stones (quivered)
 l - 8 poisoned needles
Armour
 c - a +0 robe (worn)
Scrolls
 f - a scroll of teleportation {!r, unknown}
 g - a scroll of magic mapping {!r, unknown}
 j - a scroll of identify {!r, unknown}
Potions
 i - 2 potions of heal wounds {!q, unknown}
 k - a potion of degeneration {!q, unknown}
Comestibles
 a - 5 chunks of flesh
 d - 3 rations


   Skills:
 - Level 2.1 Dodging
 - Level 2.4 Stealth
 + Level 3.7 Spellcasting
 - Level 0.8 Transmutations
 * Level 8.4 Earth Magic


You had 9 spell levels left.
You knew the following spells:

 Your Spells              Type           Power        Failure   Level  Hunger
a - Sandblast             Erth           ####..       1%          1    None
b - Passwall              Tmut/Erth      ###.......   3%          2    ##.....


Dungeon Overview and Level Annotations

Branches:
Dungeon (5/15)
 Temple: D:4-7

Altars:
Fedhas
Kikubaaqudgha
Sif Muna
Yredelemnul
Zin
The Shining One
Lugonu

Annotations:
D:5 Prince Ribbit


Innate Abilities, Weirdness & Mutations

You are resistant to damage.
You can heal yourself by infusing magical energy.
You passively map a small area around you.
You do not regenerate.
You have a pair of horns on your head.
You occasionally shout uncontrollably at your foes.
You expend magic power (3 MP) to strengthen your wands.


Message History

b - 9 stones The worker ant bites you.
* * * LOW HITPOINT WARNING * * *
Casting: Sandblast (safe; 1% risk of failure)
Confirm with . or Enter, or press ? or * to list all spells.
Aiming: Sandblast (safe; 1% risk of failure)
Press: ? - help, Shift-Dir - straight line, f/p - worker ant
Aim: a worker ant (severely wounded)
The blast of sand misses the worker ant.
b - 8 stones The worker ant bites you.
* * * LOW HITPOINT WARNING * * *
Casting: Sandblast (safe; 1% risk of failure)
Confirm with . or Enter, or press ? or * to list all spells.
Aiming: Sandblast (safe; 1% risk of failure)
Press: ? - help, Shift-Dir - straight line, f/p - worker ant
Aim: a worker ant (severely wounded)
The blast of sand misses the worker ant.
b - 7 stones The worker ant bites you.
* * * LOW HITPOINT WARNING * * *
Casting: Sandblast (safe; 1% risk of failure)
Confirm with . or Enter, or press ? or * to list all spells.
Aiming: Sandblast (safe; 1% risk of failure)
Press: ? - help, Shift-Dir - straight line, f/p - worker ant
Aim: a worker ant (severely wounded)
The blast of sand hits the worker ant.
You kill the worker ant!
Lugonu accepts your kill.
You can now banish your foes.
b - 6 stones Some of the chunks of flesh in your inventory have rotted away.
Casting: Sandblast (safe; 1% risk of failure)
Confirm with . or Enter, or press ? or * to list all spells.
You can't see any susceptible monsters within range! (Use Z to cast anyway.)
You butcher the orc corpse.
a - 7 chunks of flesh (gained 3)
You see here a short sword. x2
You now have 95 gold pieces (gained 4).
Found a leather armour.
Some of the chunks of flesh in your inventory have rotted away.
Eating one of 6 chunks of flesh.
You eat one of the 6 chunks of flesh.
This raw flesh tastes terrible.
Key pressed, stopping explore.
Done exploring.
Done exploring.
There is a stone staircase leading down here.
You climb downwards.
An iguana, an orc and an orc priest come into view.
You shout at the iguana!
The orc priest shouts!
You hear an angry hiss.
You hear a croak.
There is a stone staircase leading up here.
The orc priest mumbles some strange prayers to Beogh against you.
Beogh smites you!
* * * LOW HITPOINT WARNING * * *
An adder comes into view.
The adder hisses angrily.
The orc priest invokes the aid of Beogh against you.
You resist with significant effort.
An orc warrior and Prince Ribbit come into view.
There is a stone staircase leading up here.
Prince Ribbit blinks!
The orc warrior moves out of view.
The orc priest invokes the aid of Beogh against you.
Beogh smites you!
You die...

,, ,, ...## * , ,
...######ยง * ,
.......... ,
......... * ,
.....F... ,
######...o.... *
.###..........o..
,
.........@.......
.........l......#
, ,
.............#..#
*
............S...#
,
.................
, ,
..............#..,
,
.................
..............##
..............# ,


You could see Prince Ribbit, an iguana, an orc priest, an adder and an orc.

Vanquished Creatures
  3 ogres (D:4)
  A howler monkey (D:4)
  An iguana (D:4)
  2 worker ants (D:4)
  The ghost of Amnesiac the Charlatan, a weakling DEAr (D:4)
  An adder (D:2)
  2 dart slugs
  A leopard gecko (D:2)
  An orc (D:4)
  4 giant cockroaches
  2 goblins (D:2)
  A hobgoblin (D:2)
  4 jackals
  2 ball pythons
  4 bats
  2 frilled lizards
  3 kobolds
  5 rats
40 creatures vanquished.

Notes
Turn   | Place    | Note
-------+----------+-------------------------------------------
     0 | D:1      | Amnesiac the Deep Dwarf Earth Elementalist began the quest for the Orb.
     0 | D:1      | Reached XP level 1. HP: 15/15 MP: 3/3
     6 | D:1      | Noticed a yaktaur
     6 | D:1      | Noticed a hell rat
     6 | D:1      | Noticed a worker ant
     6 | D:1      | Noticed an iguana
    49 | D:2      | Found an ancient bone altar of Kikubaaqudgha.
    61 | D:2      | Found a basalt altar of Yredelemnul.
    62 | D:2      | Found a deep blue altar of Sif Muna.
    74 | D:2      | Found a glowing golden altar of the Shining One.
   162 | D:1      | Reached XP level 2. HP: 8/22 MP: 5/5
   169 | D:1      | Learned a level 2 spell: Passwall
   304 | D:2      | Found a faded altar of an unknown god.
   309 | D:2      | Became a worshipper of Lugonu the Unformed
   309 | D:2      | Reached * piety under Lugonu
   309 | D:2      | Reached ** piety under Lugonu
   461 | D:2      | Reached skill level 5 in Earth Magic
   543 | D:2      | Found a blossoming altar of Fedhas.
   660 | D:2      | Reached XP level 3. HP: 6/28 MP: 4/6
   763 | D:4      | Noticed Amnesiac's ghost (weakling DEAr)
   765 | D:4      | Gained mutation: You have a pair of small horns on your head. [potion of mutation]
   765 | D:4      | Gained mutation: You expend magic power (3 MP) to strengthen your wands. [potion of mutation]
   765 | D:4      | Gained mutation: You occasionally shout uncontrollably at your foes. [potion of mutation]
   765 | D:4      | Gained mutation: You have a pair of horns on your head. [potion of mutation]
   773 | D:4      | HP: 1/28 [Amnesiac's ghost (1)]
   774 | D:4      | Killed Amnesiac's ghost
   892 | D:4      | Noticed an ogre
   898 | D:4      | Killed an ogre
   898 | D:4      | Reached skill level 6 in Earth Magic
   898 | D:4      | Reached XP level 4. HP: 27/36 MP: 4/8
   943 | D:4      | Reached XP level 5. HP: 30/42 MP: 5/9
   950 | D:4      | Noticed an ogre
   954 | D:4      | Killed an ogre
   954 | D:4      | Reached skill level 7 in Earth Magic
   971 | D:4      | Reached XP level 6. HP: 23/49 MP: 0/11
  1006 | D:4      | Reached skill level 8 in Earth Magic
  1078 | D:4      | Found a glowing silver altar of Zin.
  1180 | D:4      | Reached *** piety under Lugonu
  1304 | D:5      | Entered Level 5 of the Dungeon
  1309 | D:5      | Noticed Prince Ribbit
  1309 | D:5      | Noticed an orc warrior
  1309 | D:5      | Killed from afar by an orc priest

Vault maps used:
D:1:      onia_arrival_zoo_common
D:2:      cheibrodos_helix_gallery, grunt_temple_overflow_open,
          chequers_ecumenical_altar_grove, fountainhead, fedhas_altar_1
D:3:      kennysheep_slug_shrine, first_ration, okawaru_gym_becter
D:4:      zin_academy
D:5:      nicolae_ru_great_annihilating_truth, uniq_blork_the_orc,
          uniq_prince_ribbit1, uniq_crazy_yiuf_cottage

Skill      XL: |  1  2  3  4  5  6 |
---------------+-------------------+-----
Spellcasting   | 2 3 |  3.7
Earth Magic    | 5 6 7 8 |  8.4
Dodging        | |  2.1
Stealth        | |  2.4
Transmutations | |  0.8

Action                   |  1- 3 |  4- 6 || total
-------------------------+-------+-------++-------
Melee: Unarmed           |    53 |       ||    53
       Short sword       |    15 |     2 ||    17
       Quarterstaff      |    10 |       ||    10
 Cast: Sandblast         |    21 |    26 ||    47
 Abil: Heal Wounds       |     1 |       ||     1
  Use: Potion            |     2 |       ||     2
       Scroll            |     1 |       ||     1
 Stab: Sleeping          |     2 |       ||     2
  Eat: Chunk             |       |     2 ||     2
Armor: Robe              |    50 |       ||    50
Dodge: Dodged            |   125 |     4 ||   129

Table legend:
 A = Spawn XP
 B = Non-spawn XP
 C = Spawn XP percentage of total XP
 D = Spawn monster count
 E = Non-spawn monster count
 F = Spawn count percentage of total count
 G = Total turns spent on level
                    A         B        C        D         E        F      G
               +---------+---------+-------+---------+---------+-------+---------
         Total |       0 |     604 |   0.0 |       0 |      40 |   0.0 |  1309
               +---------+---------+-------+---------+---------+-------+---------
           D:1 |       0 |      11 |   0.0 |       0 |       7 |   0.0 |   204
           D:2 |       0 |      42 |   0.0 |       0 |      18 |   0.0 |   532
           D:3 |       0 |       1 |   0.0 |       0 |       1 |   0.0 |    29
           D:4 |       0 |     550 |   0.0 |       0 |      14 |   0.0 |   539
               +---------+---------+-------+---------+---------+-------+---------
